 Dungeon Crawl Stone Soup version 0.18.1-48-g4cf74bf (webtiles) character file.

1332 lawna the Shield-Bearer (level 8, -6/73 HPs)
             Began as a Deep Dwarf Fighter on Sept 1, 2016.
             Was a Follower of Qazlal.
             Mangled by Prince Ribbit (7 damage)
             ... on level 6 of the Dungeon.
             The game lasted 00:54:32 (4349 turns).

lawna the Shield-Bearer (Deep Dwarf Fighter)        Turns: 4349, Time: 00:54:35

Health: -6/73      AC:  9    Str: 23      XL:     8   Next: 34%
Magic:  8/8        EV:  6    Int:  8      God:    Qazlal [*.....]
Gold:   312        SH: 20    Dex: 11 (12) Spells: 0 memorised, 7 levels left

rFire  . . .     SeeInvis .     (no weapon)
rCold  . . .     Gourm    .     b - +0 scale mail
rNeg   . . .     Faith    .     q - +3 large shield
rPois  .         Spirit   .     n - +0 hat
rElec  .         Dismiss  .     (no cloak)
rCorr  .         Reflect  .     p - +0 pair of gloves
SustAt .         Harm     .     i - +0 pair of boots (curse)
MR     ++...                    (no amulet)
Stlth  ..........               (no ring)
                                r - ring of protection from magic

@: marked, non-regenerating, heavily drained, very resistant to hostile
enchantments, extremely unstealthy
A: damage resistance, recharge devices, sense surroundings 1, slow regeneration
3
a: Device Recharging, Renounce Religion


You were on level 6 of the Dungeon.
You worshipped Qazlal.
Qazlal was aware of your devotion.
You were not hungry.

You visited 1 branch of the dungeon, and saw 6 of its levels.

You collected 312 gold pieces.

Inventory:

Hand Weapons
 a - a +1 war axe
 k - a +0 flail
 t - a +0 scythe {i}
Armour
 b - a +0 scale mail (worn)
 c - a +0 shield
 i - a cursed +0 pair of boots (worn)
 n - a +0 hat (worn)
 p - a +0 pair of gloves (worn)
 q - a +3 large shield (worn)
 w - a +0 animal skin
Jewellery
 r - a ring of protection from magic (left hand)
Wands
 e - a wand of heal wounds (0/9)
Scrolls
 g - a scroll of fog
 j - 6 scrolls of identify
 l - a scroll of remove curse
 o - 2 scrolls of teleportation
 s - a scroll of amnesia
Potions
 d - a potion of might
 u - a potion of magic
 v - 2 potions of curing
Comestibles
 f - a bread ration
 h - 2 meat rations


   Skills:
 * Level 4.5(2.9) Fighting
 * Level 5.3(3.6) Axes
 + Level 0.2(1.3) Maces & Flails
 + Level 0.1(1.1) Polearms
 + Level 0.6(0.0) Throwing
 * Level 5.9(4.2) Armour
 + Level 3.2(1.7) Dodging
 * Level 1.3(0.0) Stealth
 * Level 6.9(5.2) Shields
 + Level 0.0 Unarmed Combat
 - Level 0.3(0.0) Evocations


You had 7 spell levels left.
You didn't know any spells.

Dungeon Overview and Level Annotations

Branches:
Dungeon (6/15)
 Temple: D:4-7

Altars:
Cheibriados
Fedhas
Okawaru
Qazlal
Ru
Zin

Annotations:
D:1 o
D:5 h
D:6 Crazy Yiuf, Eustachio, Prince Ribbit


Innate Abilities, Weirdness & Mutations

You are resistant to damage.
You can recharge devices by infusing magical energy.
You passively map a small area around you.
You do not regenerate naturally.


Message History

The river rat bites you.
* * * LOW HITPOINT WARNING * * *
The orc hits you but does no damage.
Prince Ribbit hits you but does no damage.
You hit the orc but do no damage.
The orc is lightly wounded.
You block the bat's attack. x2; The bat hits you but does no damage.
The white imp hits you. The white imp freezes you.
Prince Ribbit hits you but does no damage.
You block the orc's attack. The river rat barely misses you.
The bat hits you but does no damage.
An ogre and a skeleton come into view.
You hit the orc.
The orc is heavily wounded.
The bat hits you but does no damage. x2; Prince Ribbit barely misses you.
You block the white imp's attack. You block the orc's attack.
The river rat bites you.
* * * LOW HITPOINT WARNING * * *
The bat closely misses you. Prince Ribbit hits you!
You die...

###.##...# ...#
........#,...#
........# ...#
........#, ..#
..###...# , ,
#*###..$#* , *###
#.....#######.## ,
#..........@5F.#
#.........5ro@.# * ,
#.........orrb.# *
#......###.ao####***
####...# #.ZO# **
#..F.......# ,
#..........#,,, ,
#.........r# , ,
*##....###..# , ,*
..#### #..# , *


You could see Eustachio, Prince Ribbit, an ogre, a worker ant, a river rat, a
white imp, 3 orcs, an ufetubus, a quokka, a bat, a rat and a giant frog
skeleton.

Vanquished Creatures
  Pikel (D:5)
  Sigmund (D:5)
  A slave (D:5)
  An ice beast (D:5)
  A centaur (D:5)
  Blork the orc (D:5)
  A giant frog (D:6)
  A scorpion (D:4)
  A wight (D:6)
  2 hounds (D:5)
  An orc wizard (D:5)
  An iguana (D:5)
  A worker ant (D:4)
  A killer bee zombie (D:5)
  A hound skeleton (D:5)
  4 gnolls (D:5)
  7 adders
  An ooze (D:1)
  An adder skeleton (D:5)
  2 worms
  3 giant geckos
  6 orcs
  A giant cockroach (D:1)
  6 hobgoblins
  4 jackals
  2 quokkas
  A ball python (D:2)
  10 bats
  7 giant newts
  7 goblins
  8 kobolds
  8 rats
  A fungus (D:6)
95 creatures vanquished.

Vanquished Creatures (others)
  An ogre (D:6)
  A centaur (D:6)
  A quasit (D:5)
  A jelly (D:5)
  A worker ant (D:6)
  An ooze (D:5)
  3 jackals (D:5)
9 creatures vanquished.

Grand Total: 104 creatures vanquished

Notes
Turn   | Place    | Note
--------------------------------------------------------------
     0 | D:1      | lawna the Deep Dwarf Fighter began the quest for the Orb.
     0 | D:1      | Reached XP level 1. HP: 20/20 MP: 1/1
   285 | D:1      | Reached XP level 2. HP: 24/27 MP: 2/2
   661 | D:1      | Reached XP level 3. HP: 25/34 MP: 3/3
   896 | D:2      | Found a blossoming altar of Fedhas.
   896 | D:2      | Found an iron altar of Okawaru.
   899 | D:2      | Found a glowing silver altar of Zin.
   899 | D:2      | Found a snail-covered altar of Cheibriados.
  1124 | D:2      | Reached XP level 4. HP: 42/42 MP: 4/4
  1131 | D:2      | Found a stormy altar of Qazlal.
  1155 | D:2      | Became a worshipper of Qazlal Stormbringer
  1279 | D:2      | Reached skill level 4 in Shields
  2244 | D:4      | Found a sacrificial altar of Ru.
  2290 | D:4      | Reached * piety under Qazlal
  2726 | D:4      | Reached XP level 5. HP: 35/49 MP: 5/5
  2960 | D:5      | Entered Level 5 of the Dungeon
  3061 | D:5      | Noticed Sigmund
  3137 | D:5      | Noticed an ice beast
  3151 | D:5      | Killed an ice beast
  3151 | D:5      | Reached XP level 6. HP: 21/57 MP: 6/6
  3228 | D:5      | Killed Sigmund
  3228 | D:5      | Reached skill level 5 in Armour
  3228 | D:5      | Reached skill level 1 in Dodging
  3228 | D:5      | Reached skill level 5 in Shields
  3231 | D:5      | Reached XP level 7. HP: 36/64 MP: 7/7
  3323 | D:5      | Noticed Blork the orc
  3331 | D:5      | Killed Blork the orc
  3474 | D:5      | Noticed Pikel
  3495 | D:5      | Killed Pikel
  3495 | D:5      | Reached skill level 5 in Axes
  3495 | D:5      | Reached skill level 6 in Shields
  3495 | D:5      | Reached XP level 8. HP: 31/73 MP: 8/8
  3831 | D:5      | Reached skill level 1 in Stealth
  4238 | D:6      | Noticed Crazy Yiuf
  4319 | D:6      | Noticed Prince Ribbit
  4320 | D:6      | Noticed Eustachio
  4349 | D:6      | HP: 1/73 [river rat[Eustachio] (3)]
  4349 | D:6      | Mangled by Prince Ribbit

Skill      XL: |  1  2  3  4  5  6  7  8 |
---------------+-------------------------+-----
Fighting       | 3 4 |  4.5
Armour         | 4 5 |  5.9
Shields        | 4 5 6 |  6.9
Axes           | 3 4 5 |  5.3
Dodging        | 1 3 |  3.2
Stealth        | 1 |  1.3
Maces & Flails | |  0.2
Polearms       | |  0.1
Throwing       | |  0.6
Evocations     | |  0.3

Action                   |  1- 3 |  4- 6 |  7- 9 || total
-------------------------+-------+-------+-------++-------
Melee: War axe           |   120 |   172 |    69 ||   361
       Unarmed           |       |       |   252 ||   252
Evoke: Wand              |     1 |     4 |     7 ||    12
  Use: Scroll            |     6 |     5 |     4 ||    15
       Potion            |     1 |     3 |     3 ||     7
  Eat: Chunk             |     1 |     2 |     1 ||     4
       Meat ration       |       |     1 |       ||     1
       Beef jerky        |       |     1 |       ||     1
       Bread ration      |       |       |     1 ||     1
Armor: Scale mail        |    56 |    91 |    96 ||   243
Dodge: Dodged            |    40 |    47 |    63 ||   150
Block: Shield            |    81 |    52 |       ||   133
       Large shield      |       |   110 |   428 ||   538
